Cogmind - Beta 15 @@@ ROGUE MODE // 2025.05.24 @ 19:12:01 Player: winnking222 Result: Self-destructed Performance ------------- Evolutions (1) 500 Regions Visited (5) 1000 Robots Destroyed (62) 310 Value Destroyed (1254) 1254 Prototype IDs (30) 600 Alien Tech Used (0) 0 Bonus (300) 300 TOTAL SCORE: 3964 Bonus ------- Aligned with FarCom 300 Cogmind --------- Core Integrity 224/400 Matter 280/300 Energy 160/160 System Corruption 3% Temperature Cool (0) Movement Walking (120) Location -9/Exiles Parts ------- > --- POWER (1) -------- Light Nuclear Core > --- PROPULSION (4) --- Aluminum Leg Aluminum Leg Improved Aluminum Leg Improved Aluminum Leg > --- UTILITY (2) ------ Medium Storage Unit Light Armor Plating > --- WEAPON (2) ------- (None) > --- INVENTORY (10) --- Improved Aluminum Leg Improved Heat Sink High-capacity Matter Pod (200) Experimental Sensor Array Targeting Computer Heavy EM Pulse Gun Light Assault Rifle Heavy Assault Rifle Shotgun Maul Peak State ------------ > --- POWER ------------ Improved Ion Engine > --- PROPULSION ------- Improved Aluminum Leg Improved Aluminum Leg Improved Aluminum Leg Improved Aluminum Leg > --- UTILITY ---------- Medium Storage Unit Medium Armor Plating > --- WEAPON ----------- Shotgun Shotgun > --- INVENTORY -------- Improved Aluminum Leg Improved Aluminum Leg Improved Heat Sink High-capacity Matter Pod Targeting Computer Light Armor Plating Heavy EM Pulse Gun Light Assault Rifle Heavy Assault Rifle Maul [Rating: 18] Favorites ----------- Power Ion Engine Engine Ion Engine Power Core Light Nuclear Core Propulsion Aluminum Leg Leg Aluminum Leg Utility Medium Storage Unit Device Heat Sink Storage Medium Storage Unit Processor Targeting Computer Protection Light Armor Plating Weapon Light Assault Rifle Energy Gun Particle Gun Ballistic Gun Light Assault Rifle Launcher Rocket Launcher Build | -11 -10 -10 -9 -9 -9 ------- Run | Yrd Mat Min Mat Min Exi Slots Evolved 2 | . . . 2 . . Power . | . . . . . . Propulsion 2 | . . . 2 . . Utility . | . . . . . . Weapon . | . . . . . . Parts Attached 43 | 6 4 6 21 6 . Power 5 | 1 . 1 2 1 . Engine 4 | 1 . 1 2 . . Core 1 | . . . . 1 . Reactor . | . . . . . . Propulsion 14 | 2 1 1 8 2 . Treads . | . . . . . . Leg 14 | 2 1 1 8 2 . Wheel . | . . . . . . Hover . | . . . . . . Flight . | . . . . . . Utility 10 | 1 3 1 4 1 . Device 1 | . 1 . . . . Storage 2 | 1 1 . . . . Processor 1 | . 1 . . . . Hackware . | . . . . . . Protection 6 | . . 1 4 1 . Artifact . | . . . . . . Weapon 14 | 2 . 3 7 2 . Energy Gun 3 | . . . 3 . . Energy Cannon . | . . . . . . Ballistic Gun 10 | 2 . 2 4 2 . Ballistic Cannon . | . . . . . . Launcher 1 | . . 1 . . . Special Weapon . | . . . . . . Impact Weapon . | . . . . . . Slashing Weapon . | . . . . . . Piercing Weapon . | . . . . . . Special Melee Weapon . | . . . . . . Unidentified Prototypes . | . . . . . . Parts Lost 12 | . . 1 6 5 . Power 2 | . . . 1 1 . Propulsion 5 | . . . 3 2 . Utility 3 | . . 1 1 1 . Weapon 2 | . . . 1 1 . Highest Loss Streak 3 | . . 1 3 3 . To Critical Strikes . | . . . . . . Average Backups 9 | 2 5 9 9 9 9 Power . | . 1 . . . . Propulsion 1 | . . 1 . 1 1 Utility 4 | . 2 5 4 3 4 Weapon 3 | 1 1 2 4 3 4 Tool/Special . | . . . . . . Unused Backups 7 | . 1 . 1 . 5 Power . | . . . . . . Propulsion 1 | . . . . . 1 Utility 5 | . 1 . 1 . 3 Weapon 1 | . . . . . 1 Tool/Special . | . . . . . . Average Slot Usage (%) 95 | . 94 100 93 94 77 Engine 10 | . 14 14 10 1 . Core 1 | . . . . 7 11 Leg 34 | . 28 28 38 40 44 Storage 12 | . 14 14 11 11 11 Protection 10 | . . 13 11 11 11 Energy Gun 1 | . . . 2 . . Ballistic Gun 20 | . 28 22 18 21 . Launcher 2 | . . 5 . . . Peak Build Rating 18 | 6 7 9 17 18 15 Average Rating 10 | 3 6 8 12 15 13 On Entrance 9 | . 6 7 9 17 17 Naked Turns . | . . . . . . Heaviest Build 28 | 12 17 24 28 28 18 Greatest Support 52 | 20 20 20 52 52 46 Greatest Overweight (x) 1 | . . 1 1 . . Average Overweight (x) . | . . . . . . Largest Inventory Capacity 10 | 8 10 10 10 10 10 Average Capacity 9 | 5 8 10 10 10 10 Most Carried 10 | 5 9 10 10 10 10 Average Carried 9 | 2 5 9 9 9 9 Final Capacity 10 | 8 10 10 10 10 10 Final Carried 10 | 2 9 10 10 8 10 Class Distribution -------------------- 55% | Mutant 44% | Scavenger-Mutant Dominant Class ---------------- Mutant | -10/Materials Mutant | -10/Mines Scavenger-Mutant | -9/Materials Scavenger-Mutant | -9/Mines Scavenger-Mutant | -9/Exiles Resources | -11 -10 -10 -9 -9 -9 ----------- Run | Yrd Mat Min Mat Min Exi Matter Collected 1670 | 262 92 237 788 291 . Remotely . | . . . . . . Salvage Created 1694 | 79 244 230 888 253 . Parts 129 | 3 20 24 61 21 . Haulers Intercepted 2 | . 1 . 1 . . Recyclers Shooed . | . . . . . . Parts Field Recycled . | . . . . . . Retrieved Matter . | . . . . . . Parts Self-Destructed . | . . . . . . Prevented . | . . . . . . Kills | -11 -10 -10 -9 -9 -9 ------- Run | Yrd Mat Min Mat Min Exi Combat Hostiles Destroyed 56 | . 7 12 27 10 . Guns 51 | . 7 7 27 10 . AOE 5 | . . 5 . . . Classes Destroyed 7 | 1 3 . 2 1 . Tunneler 1 | . . . . 1 . Hauler 2 | . 1 . 1 . . Recycler 2 | 1 . . 1 . . Watcher 1 | . . . 1 . . Swarmer 34 | . 3 8 16 7 . Grunt 17 | . 4 4 6 3 . Sentry 5 | . . . 5 . . Best Kill Streak 4 | 1 4 3 4 4 . Combat Bots Only 4 | . 4 3 4 4 . Max Kills in Single Turn 3 | 1 1 3 2 3 . Gunslinging 1 | . . . 1 1 . Exploded 3 | . . 3 . . . Melee . | . . . . . . Uniques/NPCs Destroyed . | . . . . . . Combat | -11 -10 -10 -9 -9 -9 -------- Run | Yrd Mat Min Mat Min Exi Hostile Shots Fired 345 | . 39 53 186 67 . Missed 107 | . 10 17 55 25 . Hits 238 | . 29 36 131 42 . Projectile 238 | . 29 36 131 42 . Critical Strikes 1 | . . . 1 . . Damage Taken 2384 | . 295 346 1328 415 . Core 267 | . 85 6 140 36 . Absorbed by Shields . | . . . . . . Core Remaining (%) 81 | 100 . 63 . . . Volleys Fired 192 | 6 28 30 107 21 . Largest 2 | 2 2 2 2 2 . Hottest 85 | 40 40 53 85 46 . Shots Fired 379 | 12 56 60 209 42 . Gun 376 | 12 56 57 209 42 . Cannon . | . . . . . . Launcher 3 | . . 3 . . . Special . | . . . . . . Kinetic 341 | 12 56 57 174 42 . Thermal 35 | . . . 35 . . Explosive 3 | . . 3 . . . Electromagnetic . | . . . . . . Robot Hit Streak 13 | 4 13 9 8 5 . Robot Miss Streak 8 | 2 3 2 8 6 . Penetration Max . | . . . . . . Secondary Targets 9 | . 1 4 3 1 . Max Gunslinging Chain 1 | . 1 1 1 1 . Shots Hit Robots 232 | 8 38 37 123 26 . Core Hits 107 | 3 15 21 53 15 . Critical Kills . | . . . . . . Critical Parts Destroyed . | . . . . . . Critical Strikes 2 | . . . 2 . . Burn 2 | . . . 2 . . Melee Attacks . | . . . . . . Impact . | . . . . . . Slashing . | . . . . . . Piercing . | . . . . . . Sneak Attacks . | . . . . . . Combat Hostiles . | . . . . . . Follow-up Attacks . | . . . . . . Damage Inflicted 2643 | 60 311 581 1326 365 . Guns 2327 | 60 310 292 1300 365 . Cannons . | . . . . . . Explosions 289 | . . 289 . . . Melee . | . . . . . . Ramming 27 | . 1 . 26 . . Kinetic 2020 | 60 310 292 993 365 . Thermal 307 | . . . 307 . . Explosive 289 | . . 289 . . . Electromagnetic . | . . . . . . Impact . | . . . . . . Slashing . | . . . . . . Piercing . | . . . . . . Highest Corruption 3 | . 1 1 3 3 3 Average Corruption 2 | . 1 1 2 3 3 Corruption Purged . | . . . . . . Corruption Blocked . | . . . . . . Effects 40 | . 4 8 19 5 4 Message Errors 6 | . . 1 3 . 2 Matter Fused 9 | . . 2 4 2 1 Heat Flow Errors 8 | . 2 2 3 1 . Energy Discharges 7 | . . . 5 1 1 Data Loss (minor) 3 | . 1 2 . . . Data Loss (major) 3 | . 1 1 1 . . Misfires 1 | . . . . 1 . Alerts 1 | . . . 1 . . Weapon Failures 2 | . . . 2 . . Overload Shots . | . . . . . . Overflow Damage . | . . . . . . Projectiles . | . . . . . . Explosions . | . . . . . . Melee . | . . . . . . Knockbacks . | . . . . . . Impact . | . . . . . . Kinetic . | . . . . . . Secondary . | . . . . . . Self-Inflicted Damage . | . . . . . . Shots . | . . . . . . Rammed . | . . . . . . Targets Rammed 7 | . 1 1 5 . . Kicked 7 | . 1 1 5 . . Crushed . | . . . . . . Highest Temperature 353 | . 127 279 353 122 . Average Temperature 65 | . 29 52 75 26 . Received Heat Transfer 627 | . 108 81 339 99 . Effects 4 | . . 1 3 . . Shutdowns 1 | . . . 1 . . Energy Bleed 1 | . . 1 . . . Interference 2 | . . . 2 . . Siege Activations . | . . . . . . Martial Activations . | . . . . . . Shielding Activations . | . . . . . . Robots Disrupted . | . . . . . . Combat Hostiles . | . . . . . . Robots Corrupted . | . . . . . . Combat Hostiles . | . . . . . . Parts Fried . | . . . . . . Impact Corruptions . | . . . . . . Robots Melted . | . . . . . . Combat Hostiles . | . . . . . . Parts Melted 2 | . . . 2 . . Heat Transferred 888 | . . . 888 . . Parts Sabotaged . | . . . . . . Parts Stolen . | . . . . . . Parts Stripped . | . . . . . . Power Chain Reactions . | . . . . . . Alert | -11 -10 -10 -9 -9 -9 ------- Run | Yrd Mat Min Mat Min Exi Maximum Alert Level 1 | . . . 1 1 . Low Security (%) 90 | 100 100 100 89 55 . Level 1 9 | . . . 10 44 . Level 2 . | . . . . . . Level 3 . | . . . . . . Level 4 . | . . . . . . Level 5 . | . . . . . . High Security . | . . . . . . Max Security . | . . . . . . Peak Influence 324 | 5 117 146 324 244 . Initial 124 | . . 31 1 124 . Average 84 | . 60 62 83 191 . Influence Increases 1572 | 5 186 349 752 280 . Destroy 0b10 Robot/C 1120 | . 140 240 540 200 . Destroy 0b10 Robot/NC 30 | 5 5 . 15 5 . Destroy Leader 216 | . 22 40 124 30 . Successful Hack 36 | . 19 4 13 . . Disable Machine 30 | . . 30 . . . Destroy Structure 20 | . . 20 . . . Partial Spotted 15 | . . 15 . . . Lose Combat Pursuer 105 | . . . 60 45 . Influence Decreases 1572 | 5 105 426 436 396 204 Entered New Map 453 | . . 50 3 196 204 Time Decay 1029 | 5 105 366 403 150 . Lost Part 90 | . . 10 30 50 . Squads Dispatched 2 | . 1 . 1 . . Investigation 1 | . 1 . . . . Extermination . | . . . . . . Reinforcement 1 | . . . 1 . . Assault . | . . . . . . Garrison . | . . . . . . Intercept . | . . . . . . Searches Triggered . | . . . . . . Construction Impeded . | . . . . . . Haulers Reinforced . | . . . . . . Active Scanning Responses . | . . . . . . Cargo Convoy Interrupts . | . . . . . . Stealth | -11 -10 -10 -9 -9 -9 --------- Run | Yrd Mat Min Mat Min Exi Distress Signals 3 | . 2 . 1 . . Communications Jammed . | . . . . . . Distress Signals . | . . . . . . Times Spotted 80 | . 13 12 43 12 . Peak Tracking Total 7 | . 6 3 7 5 . Tactical Retreats 6 | . . . 4 2 . Traps | -11 -10 -10 -9 -9 -9 ------- Run | Yrd Mat Min Mat Min Exi Traps Triggered 2 | . . . 2 . . Indirectly . | . . . . . . Trap Hack Attempts . | . . . . . . Triggered . | . . . . . . Disarmed . | . . . . . . Reprogrammed . | . . . . . . Reused . | . . . . . . Traps Extracted . | . . . . . . Installed 2 | . . . . 2 . Triggered . | . . . . . . Machines | -11 -10 -10 -9 -9 -9 ---------- Run | Yrd Mat Min Mat Min Exi Machines Disabled 2 | . . 2 . . . Max in Single Turn 2 | . . 2 . . . Machines Repaired . | . . . . . . Machines Dismantled . | . . . . . . Machines Sabotaged . | . . . . . . Overloaded Fab Kills . | . . . . . . Hacking | -11 -10 -10 -9 -9 -9 --------- Run | Yrd Mat Min Mat Min Exi Machines Accessed 11 | . 4 1 5 . 1 Terminals 9 | . 4 1 4 . . Fabricators . | . . . . . . Repair Stations . | . . . . . . Recycling Units 1 | . . . 1 . . Scanalyzers . | . . . . . . Garrison Access . | . . . . . . Total Hacks 24 | . 8 3 12 . 1 Successful 15 | . 4 3 7 . 1 Failed 9 | . 4 . 5 . . Catastrophic . | . . . . . . Database Lockouts . | . . . . . . Manual 1 | . . . . . 1 Terminals 22 | . 8 3 11 . . Fabricators . | . . . . . . Repair Stations . | . . . . . . Recycling Units 1 | . . . 1 . . Scanalyzers . | . . . . . . Garrison Access . | . . . . . . Terminal Hacks 14 | . 4 3 6 . 1 Record 3 | . . 3 . . . Prototype ID Bank 4 | . 1 . 3 . . Branch Access Points 1 | . 1 . . . . Emergency Access Points 2 | . . . 2 . . Locate Traps 1 | . . . 1 . . Zone Layout 2 | . 2 . . . . Proto ID Catalog 1 | . . . . . 1 Fabricator Hacks . | . . . . . . Repair Station Hacks . | . . . . . . Recycling Unit Hacks 1 | . . . 1 . . Report Inventory 1 | . . . 1 . . Scanalyzer . | . . . . . . Garrison Access Hacks . | . . . . . . Unauthorized Hacks . | . . . . . . Terminals . | . . . . . . Fabricators . | . . . . . . Repair Stations . | . . . . . . Recycling Units . | . . . . . . Scanalyzers . | . . . . . . Garrison Access . | . . . . . . Data Cores Recovered . | . . . . . . Used . | . . . . . . Hacking Detections 4 | . 2 . 2 . . Full Trace Events 3 | . 2 . 1 . . Feedback Events 1 | . 1 . . . . Corruption 1 | . 1 . . . . Feedback Blocked . | . . . . . . Robot Schematics Acquired . | . . . . . . Robots Built . | . . . . . . Authchips . | . . . . . . Time . | . . . . . . Total Robot Build Rating . | . . . . . . Part Schematics Acquired . | . . . . . . Parts Built . | . . . . . . Authchips . | . . . . . . Time . | . . . . . . Total Part Build Rating . | . . . . . . Parts Repaired . | . . . . . . Time . | . . . . . . Parts Recycled . | . . . . . . Recycled Matter . | . . . . . . Retrieved Matter . | . . . . . . Retrieved Components . | . . . . . . Parts Scanalyzed . | . . . . . . Part Schematics Acquired . | . . . . . . Parts Damaged . | . . . . . . Bothacking | -11 -10 -10 -9 -9 -9 ------------ Run | Yrd Mat Min Mat Min Exi Used RIF Installer . | . . . . . . Robots Hacked . | . . . . . . Non-combat . | . . . . . . Combat . | . . . . . . Robot Hacks Applied . | . . . . . . Relay Couplers Released . | . . . . . . Fabnet Peak Effective % . | . . . . . . Robots Rewired . | . . . . . . Allies Hacked . | . . . . . . Hacks Repelled . | . . . . . . Allies | -11 -10 -10 -9 -9 -9 -------- Run | Yrd Mat Min Mat Min Exi Total Allies . | . . . . . . Largest Group . | . . . . . . Highest-Rated Group . | . . . . . . Highest-Rated Ally . | . . . . . . Total Orders . | . . . . . . Ally Attacks . | . . . . . . Total Damage . | . . . . . . Kills . | . . . . . . Allies Corrupted . | . . . . . . Allies Melted . | . . . . . . Intel | -11 -10 -10 -9 -9 -9 ------- Run | Yrd Mat Min Mat Min Exi Active Infowar (turns) . | . . . . . . Robot Analysis Total . | . . . . . . Derelict Logs Recovered 1 | . . 1 . . . Drone Launches . | . . . . . . Drone Recoveries . | . . . . . . Exploration | -11 -10 -10 -9 -9 -9 ------------- Run | Yrd Mat Min Mat Min Exi Turns Passed 3014 | 72 273 961 1252 319 137 Spaces Moved 1767 | 46 144 569 705 190 113 Core 24 | 24 . . . . . Treads . | . . . . . . Legs 1743 | 22 144 569 705 190 113 Wheels . | . . . . . . Hover . | . . . . . . Flight . | . . . . . . Fastest Speed 50 | 50 120 120 120 120 120 Average Speed 130 | 83 120 150 122 120 120 Slowest Speed 190 | 120 120 190 190 120 120 Overloaded Moves . | . . . . . . Propulsion Burnouts . | . . . . . . Robots Hopped . | . . . . . . Potential Cave-ins . | . . . . . . Cave-ins Triggered . | . . . . . . Exploration Rate (%) 48 | 4 33 99 76 39 40 Regions Visited 5 Branch Regions 3 Pre-discovered Areas . | . . . . . . Known Exits Taken 1 | . 1 . . . . Unknown Exits Taken 4 | 1 . 1 1 1 . Scrap Searched 1 | . . 1 . . . Spaces Dug . | . . . . . . Terrain Destroyed 25 | . . 25 . . . Melee . | . . . . . . Projectile . | . . . . . . AOE 25 | . . 25 . . . Terrain Rammed . | . . . . . . Walls Destroyed . | . . . . . . Machines Disabled . | . . . . . . Actions | -11 -10 -10 -9 -9 -9 --------- Run | Yrd Mat Min Mat Min Exi Total 2152 | 69 199 622 908 239 115 Wait 74 | 5 9 8 36 16 . Move 1762 | 45 143 568 704 189 113 Hop . | . . . . . . Pick Up 34 | 7 11 3 12 1 . Fast Attach 7 | 1 . . 3 3 . Attach 15 | 5 1 1 5 3 . Detach 2 | . . . . . 2 Swap 34 | . 3 7 21 3 . Drop 23 | . 3 4 15 1 . Fire 192 | 6 28 30 107 21 . Melee . | . . . . . . Ram . | . . . . . . Kick 7 | . 1 1 5 . . Crush . | . . . . . . Escape Stasis . | . . . . . . Rewire . | . . . . . . Trap 2 | . . . . 2 . Miscellaneous . | . . . . . . Route ------- -11/Scrapyard -10/Materials (discovered 2 exits: *Mat / *Min) -10/Mines (discovered 2 exits: *Mat x2) -9/Materials (discovered 3 exits: [*Mat x2] / [*Min]) -9/Mines (discovered 2 exits: *Exi / [*Zio]) -9/Exiles History --------- Turn | Location | Event 9 | -11/Scrapyard | Discovered new exit (range 15) 73 | -11/Scrapyard | Entered Materials 88 | -10/Materials | Identified exit to Mines 314 | -10/Materials | Build established: Mutant 316 | -10/Materials | Discovered new exit (range 12) 346 | -10/Materials | Entered Mines 468 | -10/Mines | Discovered new exit (range 6) 677 | -10/Mines | Discovered new exit (range 8) 828 | -10/Mines | Received a Rocket Launcher from a helpful Derelict 1307 | -10/Mines | Entered Materials 1307 | -9/Materials | Evolved 2 slots: Propulsion x2 1420 | -9/Materials | Lost 3 parts (1n1u1w) 1615 | -9/Materials | Build established: Scavenger-Mutant 1615 | -9/Materials | Discovered new exit (range 3) 2064 | -9/Materials | Discovered new exit (range 16) 2402 | -9/Materials | Discovered new exit (range 7) 2411 | -9/Materials | Build established: Mutant 2559 | -9/Materials | Entered Mines 2560 | -9/Mines | A Derelict revealed a hidden shortcut to a safe place 2796 | -9/Mines | Found a hidden stash of uninstalled traps 2801 | -9/Mines | Lost 3 parts (1n1u1w) 2853 | -9/Mines | Found a damaged Exp. Sensor Array with a note attached 2856 | -9/Mines | Found Prototype Device 2873 | -9/Mines | Deemed a non-threat by the Exiles lab entrance 2873 | -9/Mines | Discovered new exit (range 5) 2878 | -9/Mines | Entered Exiles 2909 | -9/Exiles | Met 8R-AWN 2929 | -9/Exiles | Met EX-HEX 2938 | -9/Exiles | Build established: Scavenger-Mutant 2962 | -9/Exiles | Met EX-BIN 2980 | -9/Exiles | Aligned with FarCom system 2981 | -9/Exiles | Given EX-Vault access code 3009 | -9/Exiles | Opened EX-Vault 3015 | -9/Exiles | Self-destructed Last Messages --------------- Modified TNC 0b10 Alert Chip Cloak of Protection Skeleton Box Trap Reconfigurator Supersonic Drone Bay Army-in-a-Box PSU Rigger Chronowheel AWS/Thermal Latent Energy Streamer Gui. Plasma Cannon Firepult YOLO Cannon AWS/Gauss XL Autogun Array AWS/Autocannon Field Lobotomy Kit Longsword +1 Deploy-a-Sentry Map ----- +----------------------------------------------------+ | | | | | | | | | | | | | | | | | | | | | | | | | | | | | | | | | | | | | | | | | | | | | | | ?????????????????????????#???????????????????????? | | ?????????????????????####X####???????????????????? | | ?????????????????????# @[ #???????????????????? | | ?????????????????????# #???????????????????? | | ?????????????????????#! !#???????????????????? | | ?????????????????????## ##???????????????????? | | ?????????????????????#X #????????????????????? | | ?????????????????????## #????????????????????? | | ??????????????????????# #????????????????????? | | ??????????????????????# #???###??????????????? | | ??????????????????????# #??"""""?????????????? | | ??????????????????????# ## """?????????????? | | ??????????????????????# X""?????????????? | | ??????????????????????# ## """?????????????? | | ????????????????####??# #??"""""?????????????? | | ????????????????"""""?# #???#????????????????? | | ???????????????"""" ## #????????????????????? | | ??????????????#""X" #????????????????????? | | ??????????????#" #????????????????????? | | ??????????????#" ## #????????????????????? | | ??????????????#""""""?# #?#########??????????? | | ??????????????##"###??# #?#"""""""#??????????? | | ??????????????????????# #?#"""""""#??????????? | | ??????????????????????# #?#"""""""#??????????? | | ?????????????????????## ###"" """"#??????????? | | ?????????????????????#" """"#??????????? | | ?????????????????????#" """#??????????? | +----------------------------------------------------+ Best States ------------- Heat Dissipation 35 Energy Generation 14 Energy Capacity 265 Matter Stores 300 Matter Capacity 300 Sight Range 16 Terrain Scan Density 10 Armor Coverage 225 Evasion (%) 55 Targeting Accuracy 5 Item Schematics ----------------- None Robot Schematics ------------------ None Fabricated ------------ Nothing Repaired ---------- Nothing Alien Tech Used ----------------- None Achievements -------------- None Challenges ------------ None Game ------ Seed HybridDisintegrationReplica Manual? 0 Play Time 00:24:33 Cumulative 67.3 hours Start 2025.05.24 @ 18:48:25 End 2025.05.24 @ 19:12:01 Sessions 1 Manual Loads 0 Difficulty Rogue Special Mode None Game No. 125 Rogue 125 Adventurer 0 Explorer 0 Win Type - Total 1 Types 1/0/0/0/0/0/0/0/0/0 Lore% 55 Gallery% 44 Achievement% 41 Wizard Run 0 Options --------- Layout 0 ASCII 0 Keyboard 0 Movement Mouse Keybinds 0 Fullscreen 1 Font 16/SmallcapsGlow Map View 75x55 Zoom Use 0% Tactical HUD 1 Map Filters NONE Filters NONE Steam 1 RUN: 599d1238-2813-4d6c-91fa-f5bd4a752533